 Dungeon Crawl Stone Soup version 0.18-a0-1748-g7377c14 (webtiles) character file.

128 nono the Sneak (level 5, -5/24 HPs)
             Began as a Vine Stalker Enchanter on Apr 12, 2016.
             Slain by Pikel
             ... wielding a +2 whip of electrocution
              (10 damage)
             ... on level 3 of the Dungeon.
             The game lasted 00:08:49 (2520 turns).

nono the Sneak (Vine Stalker Enchanter)             Turns: 2520, Time: 00:08:50

Health: -5/24      AC:  4    Str: 11    XL:     5   Next: 11%
Magic:  0/11       EV: 15    Int: 16    God:
Gold:   147        SH:  0    Dex: 14    Spells: 3 memorised, 4 levels left

rFire  . . .     SeeInvis .     a - +1 dagger
rCold  . . .     Gourm    .     p - +0 leather armour (curse)
rNeg   . . .     Faith    .     (no shield)
rPois  .         Spirit   +     (no helmet)
rElec  .         Dismiss  +     (no cloak)
rCorr  .         Reflect  .     (no gloves)
SustAt .         Harm     .     k - +0 pair of boots
MR     .....                    m - amulet of dismissal
Stlth  ++........               (no ring)
                                t - +4 ring of evasion (curse)

@: not resistant to hostile enchantments, unstealthy
A: fangs 2, regeneration 1, magic shield, antimagic bite, no device heal 3, rot
immunity
a: no special abilities


You were on level 3 of the Dungeon.
You were near starving.

You visited 1 branch of the dungeon, and saw 4 of its levels.

You collected 147 gold pieces.

Inventory:

Hand Weapons
 a - a +1 dagger (weapon)
Armour
 b - a +1 robe
 k - a +0 pair of boots (worn)
 p - a cursed +0 leather armour (worn)
Jewellery
 m - an amulet of dismissal (around neck)
 t - a cursed +4 ring of evasion (left hand)
Scrolls
 e - 2 scrolls of remove curse {unknown}
 f - 2 scrolls of teleportation {unknown}
 h - a scroll of enchant weapon {unknown}
 i - 2 scrolls of noise {unknown}
 j - 3 scrolls of enchant armour {unknown}
 o - a scroll of amnesia {unknown}
 q - 5 scrolls of identify {unknown}
 u - a scroll of immolation {unknown}
Potions
 g - 3 potions of curing {unknown}
 l - a potion of flight {unknown}
 n - 2 potions of brilliance {unknown}
 r - a potion of berserk rage {unknown}
Books
 c - a book of Maledictions

   Spells                             Type                      Level
   a - Corona                         Hexes                        1
   b - Ensorcelled Hibernation        Hexes/Ice                    2
   c - Confuse                        Hexes                        3
   d - Tukima's Dance                 Hexes                        3
   e - Dazzling Spray                 Conjuration/Hexes            3
Comestibles
 d - 2 bread rations
 v - 2 fruits


   Skills:
 + Level 2.5 Short Blades
 - Level 1.5 Dodging
 + Level 4.5 Stealth
 + Level 3.3 Spellcasting
 + Level 3.6 Hexes


You had 4 spell levels left.
You knew the following spells:

 Your Spells              Type           Power        Failure   Level  Hunger
a - Corona                Hex            ##.....      8%          1    None
b - Ensorcelled Hibernat  Hex/Ice        #.....       17%         2    ##.....
c - Confuse               Hex            ##......     21%         3    ###....


Dungeon Overview and Level Annotations

Branches:
Dungeon (4/15)
 Temple: D:4-7

Altars:

Annotations:
D:3 Pikel


Innate Abilities, Weirdness & Mutations

You have extremely sharp teeth.
Your natural rate of healing is unusually fast.
When hurt, damage is shared between your health and your magic reserves.
Your bite disrupts and absorbs the magic of your enemies.
Potions and wands cannot restore your health.
You are immune to rotting.


Message History

Casting: Ensorcelled Hibernation
Confirm with . or Enter, or press ? or * to list all spells.
Aiming: Ensorcelled Hibernation
Press: ? - help, Shift-Dir - straight line, f/p - Pikel
Aim: Pikel, wielding a whip of electrocution and wearing a robe (chance to defeat MR: 39%) Pikel looks drowsy...
The helpless Pikel fails to defend himself.
You impale Pikel!! Your bite misses Pikel.
Pikel is severely wounded.
You are near starving!
Pikel hits you with a whip of electrocution.
You are electrocuted!
Ouch! That really hurt!
* * * LOW HITPOINT WARNING * * *
All of the chunks of flesh in your inventory have rotted away.
Pikel says, "You'll fetch a fair price!"
Pikel hits you with a whip of electrocution!
* * * LOW HITPOINT WARNING * * *
You are electrocuted!
You die...

................#.# #..#.#.......
................#.###............
................#................
................#.###............
......(.........#.###..#.#.##.###
....(.)..................#.##.# #
................#..........##.###
.(...........<.K#.###..#.......##
................@...#..#.####....
.)............................###
....................#..#.##.#.###
..................###..#.##.#....
..................###....##.#....
###.###.##...............##.#....
....# #.##...............##.#....
##### #.##<##..#..######.##.#....
#.##.##.............#.#....


You could see Pikel.

Vanquished Creatures
  A slave (D:3)
  An orc wizard (D:3)
  An adder (D:3)
  An ooze (D:1)
  A worm (D:3)
  4 dart slugs
  3 giant geckos
  3 orcs (D:3)
  8 bats
  3 giant cockroaches
  7 goblins
  11 hobgoblins
  3 jackals (D:1)
  6 kobolds
  A quokka (D:2)
  2 ball pythons
  4 giant newts
  9 rats
69 creatures vanquished.

Notes
Turn   | Place    | Note
--------------------------------------------------------------
     0 | D:1      | nono the Vine Stalker Enchanter began the quest for the Orb.
     0 | D:1      | Reached XP level 1. HP: 9/9 MP: 4/4
    24 | D:1      | Reached skill level 1 in Short Blades
    30 | D:1      | Reached XP level 2. HP: 9/13 MP: 4/6
    34 | D:1      | Learned a level 2 spell: Ensorcelled Hibernation
   275 | D:1      | Reached XP level 3. HP: 13/16 MP: 8/8
   280 | D:1      | Learned a level 3 spell: Confuse
   782 | D:2      | Reached XP level 4. HP: 21/21 MP: 6/9
  1167 | D:2      | Reached skill level 4 in Stealth
  1361 | D:3      | Found a faded altar to an unknown god.
  1557 | D:3      | Reached XP level 5. HP: 24/24 MP: 9/11
  2061 | D:4      | Noticed Pikel
  2061 | D:4      | Noticed a slave
  2061 | D:4      | Noticed a slave
  2061 | D:4      | Noticed a slave
  2061 | D:4      | Noticed a slave
  2072 | D:3      | Killed a slave
  2520 | D:3      | Slain by Pikel

Vault maps used:
D:1:      grunt_arrival_crossed_arrows
D:2:      first_bread
D:3:      ecumenical_altar_2
D:4:      uniq_pikel

Skill      XL: |  1  2  3  4 |
---------------+-------------+-----
Short Blades   | 1 2 |  2.5
Spellcasting   | 3 |  3.3
Stealth        | 4 |  4.5
Dodging        | |  1.5
Hexes          | |  3.6

Action                   |  1- 3 |  4- 6 || total
-------------------------+-------+-------++-------
Melee: Dagger            |    96 |   113 ||   209
       Bite              |    20 |    24 ||    44
 Cast: Corona            |     5 |     1 ||     6
       Ensorcelled Hiber |       |    10 ||    10
       Confuse           |       |     7 ||     7
 Stab: Sleeping          |    10 |     8 ||    18
       Confused          |       |     3 ||     3
  Eat: Chunk             |       |     4 ||     4
       Fruit             |       |     1 ||     1
Armor: Robe              |    11 |       ||    11
       Leather armour    |       |    19 ||    19
Dodge: Dodged            |    51 |    72 ||   123
